 Dungeon Crawl Stone Soup version 0.31-a0-971-g75a2e9a4b4 (webtiles) character file.

Game seed: 11218164514455172306

86 AIAndy the Ruffian (level 4, -1/28 HPs)
             Began as an Octopode Shapeshifter on Oct 27, 2023.
             Was a Believer of Jiyva.
             Slain by Pargi (3 damage)
             ... on level 3 of the Dungeon.
             The game lasted 00:06:15 (1439 turns).

AIAndy the Ruffian (Octopode Shapeshifter)          Turns: 1439, Time: 00:06:16

Health: -1/28      AC:  1    Str: 15    XL:     4   Next: 50%
Magic:  4/4        EV: 13    Int: 12    God:    Jiyva [**....]
Gold:   24         SH:  0    Dex: 11    Spells: 3/3 levels left

rFire   . .          .
                       - Unarmed
rCold   . . .        (no shield)
rNeg    . . .        (helmet currently unavailable)
rPois   .            (no amulet)
rElec   .            (no ring)
rCorr   +            (no ring)
SInv    .            (no ring)
Will    .....        (no ring)
Stlth   ++           (no ring)
HPRegen 1.20/turn    (no ring)
MPRegen 0.39/turn    (no ring)
                     (no ring)

%: no passive effects
@: beast-form
A: beast (slay +2), almost no armour, amphibious, 8 rings, camouflage 1,
gelatinous body 1, (nimble swimmer 1), tentacles
a: Begin Untransformation, Renounce Religion


You were on level 3 of the Dungeon.
You worshipped Jiyva.
Jiyva was pleased with you.
You were a hulking beast.
You visited 1 branch of the dungeon, and saw 3 of its levels.

You collected 89 gold pieces.
You spent 65 gold pieces at shops.


Innate Abilities, Weirdness & Mutations

You are a hulking beast.
Your limbs bulge with bestial killing power. (Slay +2)
You cannot wear most types of armour.
You are amphibious.
You can wear up to eight rings at the same time.
Your skin changes colour to match your surroundings (Stealth+).
Your rubbery body absorbs attacks. (AC +1, EV +1)
((You are camouflaged when in or above water. (Stealth+)))
You have tentacles for arms and can constrict up to eight enemies at once.


   Skills:
 - Level 1.0 Fighting
 - Level 2.0 Dodging
 + Level 4.2 Unarmed Combat
 + Level 4.0 Shapeshifting


You had 3 spell levels left.
You didn't know any spells.
Your spell library contained the following spells:

 Spells                   Type           Power      Damage    Failure   Level
 Kiss of Death            Conj/Necr      0%         2d5       32%         1
 Confusing Touch          Hex            0%         N/A       69%         3
 Dispel Undead            Necr           0%         3d6       97%         4

Inventory:

Talismans
 b - a beast talisman
 c - a flux talisman
Wands
 i - a wand of flame (10)
Scrolls
 e - 2 scrolls of identify {@r1}
 f - a scroll of blinking {unknown}
 h - a scroll of amnesia {unknown}
 j - 2 scrolls of teleportation {@r4}
Potions
 a - a potion of lignification {!q}
 d - a potion of resistance
 g - a potion of degeneration {!q}

Dungeon Overview and Level Annotations

Branches:
Dungeon (3/15)

Altars:
The Shining One
Jiyva

Shops:
D:1 :   D:3 ?

Annotations:
D:3 Pargi

▓ ▓.........######
.r.▓▓................
⚑............########
... ▓........#
▓..▓........#
.▓▓...#......#
........###..#
#######.T.##....
###h###### #.# #.#
#.> ###


You could see Pargi.


Message History

Pargi is moderately wounded.
Pargi bites you. Pargi claws you. x2
You hear a distant slurping noise.
You tentacle-slap Pargi.
Pargi is moderately wounded.
Pargi bites you. Pargi barely misses you. Pargi claws you.
* * * LOW HITPOINT WARNING * * *
You miss Pargi.
Pargi is moderately wounded.
Pargi bites you!
* * * LOW HITPOINT WARNING * * *
Pargi claws you.
* * * LOW HITPOINT WARNING * * *
Pargi claws you.
* * * LOW HITPOINT WARNING * * *
Aiming: Throw Flame
Press: ? - help, Shift-Dir - straight line, f - Pargi
Aim: Pargi (moderately wounded, 60% to hit)
The puff of flame hits Pargi!
Pargi is heavily wounded.
Pargi closely misses you. Pargi claws you.
* * * LOW HITPOINT WARNING * * *
Pargi barely misses you.
Aiming: Throw Flame
Press: ? - help, Shift-Dir - straight line, f/p - Pargi
Aim: Pargi (heavily wounded, 60% to hit)
The puff of flame hits Pargi!
Pargi is severely wounded.
Pargi bites you.
You die...

Skill      XL: |  1  2  3  4 |
---------------+-------------+-----
Unarmed Combat | 4 |  4.2
Shapeshifting  | 4 |  4.0
Fighting       | |  1.0
Dodging        | |  2.0

Action                     |  1- 3 |  4- 6 || total
---------------------------+-------+-------++-------
  Melee: Unarmed           |    61 |    37 ||    98
         Constrict         |    21 |     6 ||    27
         Tentacles         |    14 |     3 ||    17
         Punch             |       |     2 ||     2
  Evoke: Wand              |       |     2 ||     2
    Use: Scroll            |       |     2 ||     2
   Stab: Sleeping          |     4 |     1 ||     5
 Armour: Skin              |    21 |    31 ||    52
  Dodge: Dodged            |    29 |    25 ||    54

Levels and vault maps discovered:
D:1:      wander_arrival_peaceful_grave, layout_basic,
          hellmonk_ecumenical_altar_leap_of_faith, serial_shops,
          nicolae_book_shop_shelving
D:2:      layout_basic
D:3:      layout_basic, mainiacjoe_overflow_small_starburst, serial_shops, shop,
          nicolae_lakefront_shop, nicolae_square_shop, nicolae_lakefront_shop,
          uniq_pargi, uniq_ijyb

Notes
Turn   | Place    | Note
-------+----------+-------------------------------------------
     0 | D:1      | AIAndy the Octopode Shapeshifter began the quest for the
                  | Orb.
     0 | D:1      | Reached XP level 1. HP: 13/13 MP: 1/1
    87 | D:1      | Found Nufacle's Book Shoppe.
    96 | D:1      | Reached XP level 2. HP: 18/18 MP: 2/2
   588 | D:1      | Found a faded altar of an unknown god.
   595 | D:1      | Prayed at the altar of an unknown god.
   595 | D:1      | Became a worshipper of Jiyva Jidoyffe the Shapeless
   595 | D:1      | Reached * piety under Jiyva
   753 | D:2      | Reached XP level 3. HP: 23/23 MP: 3/3
   943 | D:2      | Reached XP level 4. HP: 24/28 MP: 4/4
   947 | D:2      | Reached skill level 4 in Unarmed Combat
   988 | D:2      | Reached ** piety under Jiyva
  1260 | D:3      | Noticed Ijyb
  1291 | D:3      | Killed Ijyb
  1360 | D:3      | Reached skill level 4 in Shapeshifting
  1374 | D:3      | Noticed Pargi
  1399 | D:3      | Found Vuucs's Magic Scroll Shoppe.
  1407 | D:3      | Bought a scroll of identify for 26 gold pieces
  1407 | D:3      | Bought a scroll of teleportation for 39 gold pieces
  1407 | D:3      | Identified a potion of resistance
  1426 | D:3      | Found a glowing golden altar of the Shining One.
  1437 | D:3      | HP: 1/28 [Pargi (2)]
  1439 | D:3      | Slain by Pargi

Vanquished Creatures
  Ijyb (D:3)
  3 adders
  4 dart slugs
  A worm (D:2)
  2 ball pythons
  5 bats
  An endoplasm (D:1)
  4 giant cockroaches
  2 goblins
  3 hobgoblins
  4 jackals (D:3)
  2 kobolds
  A quokka (D:1)
  4 frilled lizards
  6 rats
43 creatures vanquished.

Vanquished Creatures (others)
  A jelly (D:3)
  4 orcs (D:3)
  A bat (D:3)
  An endoplasm (D:3)
  2 kobolds (D:3)
  A frilled lizard (D:3)
10 creatures vanquished.

Grand Total: 53 creatures vanquished

Table legend: (Time is in decaauts)
 A = Elapsed time spent in this place.
 B = Non-inter-level travel time spent in this place.
 C = Inter-level travel time spent in this place.
 D = Time resting spent in this place.
 E = Time spent auto-exploring this place.
 F = Levels seen in this place.
 G = Mean time per level.
                   A        B        C        D        E       F      G
               +--------+--------+--------+--------+--------+-----+--------+
         Total |   1431 |   1397 |     34 |      0 |   1047 |   3 |  477.0 |
       Dungeon |   1431 |   1397 |     34 |      0 |   1047 |   3 |  477.0 |
               +--------+--------+--------+--------+--------+-----+--------+

Top non-repeatable levels by time:
     D:1: 690 daAuts
     D:2: 545 daAuts
     D:3: 194 daAuts

Table legend:
 A = Non-vault XP
 B = Vault XP
 C = Vault XP percentage of total XP
 D = Non-vault monster count
 E = Vault monster count
 F = Vault count percentage of total count
                 A         B        C        D         E       F
            +---------+---------+-------+---------+---------+-------
      Total |     114 |      10 |   8.1 |      42 |       1 |   2.3
            +---------+---------+-------+---------+---------+-------
        D:1 |      31 |       0 |   0.0 |      18 |       0 |   0.0
        D:2 |      60 |       0 |   0.0 |      18 |       0 |   0.0
        D:3 |      23 |      10 |  30.3 |       6 |       1 |  14.3
            +---------+---------+-------+---------+---------+-------
